 Dungeon Crawl Stone Soup version 0.24.1 (webtiles) character file.

Game seed: 7207025073519987531, levelgen mode: deterministic

11968 lepoulpe303 the Covert (level 11, -14/54 HPs)
             Began as a Spriggan Enchanter on Mar 30, 2020.
             Was an Initiate of Gozag.
             Demolished by a shambling mangrove (17 damage)
             ... on level 11 of the Dungeon.
             The game lasted 01:01:46 (14680 turns).

lepoulpe303 the Covert (Spriggan Enchanter)        Turns: 14680, Time: 01:01:46

Health: -14/54     AC:  4    Str:  4    XL:     11   Next: 56%
Magic:  13/24      EV: 24    Int: 25    God:    Gozag
Gold:   1988       SH:  6    Dex: 19    Spells: 9/26 levels left

rFire    . . .     SeeInvis +   a - +0 short sword (distort) {!w}
rCold    + . .     Gourm    .   M - +0 buckler
rNeg     . . .     Faith    .   C - +2 robe {rC+} {rC+}
rPois    .         Spirit   .   (helmet restricted)
rElec    .         Reflect  .   (no cloak)
rCorr    .         Harm     .   (gloves unavailable)
MR       +....                  (boots unavailable)
Stlth    +++++++...             (no amulet)
HPRegen  0.18/turn              L - +5 ring of intelligence
MPRegen  0.19/turn              j - ring "Neesch" {+Fly Dex+2 Stlth+}

@: grasped by roots, constricted, studying Spellcasting, very quick
A: very small, unfitting armour, see invisible, herbivore, speed 3, slow
metabolism 2
a: Potion Petition, Call Merchant, Bribe Branch, Renounce Religion, Evoke Flight


You were on level 11 of the Dungeon.
You worshipped Gozag.
Gozag was most pleased with you.
You were not hungry.

You visited 2 branches of the dungeon, and saw 12 of its levels.

You collected 2239 gold pieces.
You spent 158 gold pieces at shops.
You paid 93 gold pieces to Gozag.

Inventory:

Hand Weapons
 a - a +0 short sword of distortion (weapon) {!w}
 c - a +2 dagger of speed
Missiles
 I - 4 curare-tipped darts (quivered)
Armour
 b - a +0 robe
 C - a +2 robe of cold resistance (worn) {rC+}
 M - a +0 buckler (worn)
Jewellery
 j - the ring "Neesch" (right hand) {+Fly Dex+2 Stlth+}
   (You found it on level 5 of the Dungeon)

   [ring of stealth]

   It affects your dexterity (+2).
   It lets you fly.
   It makes you more stealthy.
 B - an uncursed ring of fire {rF+, rC-}
 H - an uncursed ring of ice {rC+, rF-}
 L - a +5 ring of intelligence (left hand)
 P - an uncursed ring of poison resistance
Wands
 F - a wand of flame (8)
 J - a wand of polymorph (11)
 K - a wand of iceblast (9)
Scrolls
 g - a scroll of amnesia {unknown}
 h - a scroll of enchant weapon {unknown}
 i - 8 scrolls of identify
 l - 2 scrolls of enchant armour {unknown}
 m - 2 scrolls of blinking {unknown}
 n - 3 scrolls of magic mapping {unknown}
 o - 3 scrolls of noise {unknown}
 r - 2 scrolls of fear {unknown}
 t - 3 scrolls of teleportation
 v - 2 scrolls of immolation {unknown}
 w - 5 scrolls of remove curse
 y - 4 scrolls of fog {unknown}
 E - a scroll of silence {unknown}
 G - a scroll of acquirement {unknown}
 N - a scroll of torment {unknown}
Potions
 d - 2 potions of might
 f - a potion of degeneration {unknown}
 k - a potion of cancellation
 p - a potion of experience {unknown}
 q - 5 potions of curing
 s - 4 potions of agility
 x - 2 potions of lignification {unknown}
 z - a potion of invisibility {unknown}
 A - a potion of heal wounds {unknown}
 D - a potion of berserk rage {!q}
Books
 u - a manual of Spellcasting {!d}
Comestibles
 e - 16 rations


   Skills:
 + Level 4.6 Fighting
 + Level 9.3 Short Blades
 + Level 11.2 Dodging
 + Level 13.4 Stealth
 + Level 0.6 Shields
 - Level 8.0 Spellcasting
 + Level 9.4 Hexes
 + Level 4.6 Ice Magic


You had 9 spell levels left.
You knew the following spells:

 Your Spells              Type           Power        Failure   Level  Hunger
a - Ensorcelled Hibernat  Hex/Ice        #####.       1%          2    None
b - Dazzling Spray        Conj/Hex       ####..       4%          3    None
c - Confuse               Hex            ######..     1%          3    None
d - Tukima's Dance        Hex            ######..     1%          3    None
e - Metabolic Englaciati  Hex/Ice        #####.....   14%         5    ####...
v - Corona                Hex            ######.      1%          1    None

Your spell library contained the following spells:

 Spells                   Type           Power        Failure   Level  Hunger
 Confusing Touch          Hex            ######       1%          1    None
 Shock                    Conj/Air       ##..         10%         1    None
 Swiftness                Chrm/Air       ##......     14%         2    None
 Gell's Gravitas          Tloc           ##........   28%         3    None
 Static Discharge         Conj/Air       ##......     28%         3    None
 Yara's Violent Unravell  Hex/Tmut       ####......   36%         5    ####...
 Airstrike                Air            ##........   67%         4    ##.....
 Petrify                  Tmut/Erth      ##......     67%         4    ##.....
 Lightning Bolt           Conj/Air       ##........   95%         5    ####...


Dungeon Overview and Level Annotations

Branches:
Dungeon (11/15)            Temple (1/1) D:4            Lair (0/6) D:11
    Orc: D:9-12

Altars:
Ashenzari
Cheibriados
Dithmenos
Elyvilon
Fedhas
Gozag
Hepliaklqana
Kikubaaqudgha
Makhleb
Nemelex Xobeh
Okawaru
Qazlal
Ru
Sif Muna
Trog
Uskayaw
Vehumet
Wu Jian
Xom
Yredelemnul
Zin
The Shining One
Beogh

Shops:
D:7 *

Annotations:
D:10 Snorg


Innate Abilities, Weirdness & Mutations

You are very small and have problems with some larger weapons.
You are too small for most types of armour.
You have supernaturally acute eyesight. (SInv)
You are a herbivore.
You cover ground extremely quickly.
You need to consume almost no food.


Message History

You now have 18/24 mp.
Aim: a shambling mangrove (chance to defeat MR: 12%)
The shambling mangrove resists with almost no effort.
* * * LOW HITPOINT WARNING * * *
The grasping roots constrict you!!
You take 20 damage, and have 17/54 hp.
MASSIVE DAMAGE!!
You now have 15/24 mp.
Aim: a shambling mangrove (chance to defeat MR: 12%)
The shambling mangrove resists with almost no effort.
* * * LOW HITPOINT WARNING * * *
The grasping roots constrict you!
You take 14 damage, and have 3/54 hp.
MASSIVE DAMAGE!!
You now have 12/24 mp.
You escape the roots' grasp.
Roots burst forth from the earth!
The grasping roots grab you!
You die...
Your body crumbles into a pile of gold.

#.# ####+######## #.# #.#
###'##### ### #.......# ..#
#.).....# ###
..####.......# ####..+
..##.'.......###...#######.
..'..#.......'..@.#...≈...#
..####.......###....#...#..
..# #.......# #...##


PP# ..# #.......###.#f..PPPP. ..# #...........#≈.PP>PP)≈ ..#
###+######..#...PPPP.. ### #.# #....##...##. #.# #..... ...# #.# ##..#. ≈... You
could see a shambling mangrove.

Levels and vault maps discovered:
D:1:      shiori_arrival_whats_in_store_for_you, layout_loops_corners,
          minmay_pentomino_u4
D:2:      layout_rooms, lemuel_coloured_pillars_altar, okawaru_metal_pillars_1_2
D:3:      layout_loops_ring, kennysheep_orc_chapel, uniq_sigmund
D:4:      layout_layer_cave, marbit_many_paths, minmay_temple_entry_trees,
          first_ration, nicolae_zen_rock_garden, minmay_manual_mandibuliform
D:5:      layout_gridville, old_standard_altar, gammafunk_temple_overflow_arena,
          lightli_temple_of_fire, moated_statue, minmay_crystal_room
D:6:      layout_basic, basic_altar, dk_vineyard_3, minmay_chambers_of_fives
D:7:      layout_loops_ring, gammafunk_temple_overflow_claw, serial_shops, shop
D:8:      layout_cave_pools, grunt_pizzeria, uniq_psyche
D:9:      layout_roguey, nicolae_overflow_hidden_temple
D:10:     layout_stronghold, uniq_harold, uniq_fannar, uniq_snorg
D:11:     layout_roguey, dpeg_oklobed_lair,
          kennysheep_orc_monster_closet_entryway, serial_shops,
          kennysheep_little_box
Temple:   nicolae_temple_figure_eight

Notes
Turn   | Place    | Note
-------+----------+-------------------------------------------
     0 | D:1      | lepoulpe303 the Spriggan Enchanter began the quest for the
                  | Orb.
     0 | D:1      | Reached XP level 1. HP: 9/9 MP: 5/5
     0 | D:1      | Noticed a merfolk zombie
     4 | D:1      | Noticed a merfolk zombie
     9 | D:1      | Noticed a merfolk zombie
   233 | D:1      | Identified a +0 dagger
   283 | D:1      | Identified a +0 club
   418 | D:1      | Reached skill level 5 in Stealth
   418 | D:1      | Reached XP level 2. HP: 13/13 MP: 4/6
   422 | D:1      | Learned a level 2 spell: Ensorcelled Hibernation
   482 | D:1      | Reached skill level 2 in Short Blades
   704 | D:1      | Identified an uncursed ring of poison resistance
   970 | D:1      | Reached XP level 3. HP: 16/16 MP: 8/8
   975 | D:1      | Learned a level 3 spell: Confuse
  1522 | D:2      | Found an iron altar of Okawaru.
  1524 | D:2      | Identified a +0 dagger
  1563 | D:2      | Identified a +0 club
  1738 | D:2      | Reached skill level 6 in Stealth
  1830 | D:2      | Identified a +0 club
  1830 | D:2      | Identified a +0 club
  2008 | D:2      | Reached skill level 3 in Short Blades
  2201 | D:2      | Reached XP level 4. HP: 21/21 MP: 9/9
  2613 | D:2      | Identified a +0 dagger
  2626 | D:2      | Found a shattered altar of Ashenzari.
  2703 | D:3      | Identified a cursed +0 club
  2796 | D:3      | Identified a +2 dagger of speed
  2796 | D:3      | Identified a +0 robe
  2799 | D:3      | Identified a +0 scale mail
  2807 | D:3      | Identified a +0 short sword
  3253 | D:3      | Identified a +0 dagger
  3253 | D:3      | Identified a +0 robe
  3253 | D:3      | Identified a +0 trident
  3253 | D:3      | Identified a +0 ring mail
  3253 | D:3      | Identified a +0 flail
  3253 | D:3      | Identified a +0 leather armour
  3257 | D:3      | Identified a +0 trident
  3265 | D:3      | Identified a +0 hand axe
  3265 | D:3      | Identified a +0 robe
  3266 | D:3      | Reached skill level 7 in Stealth
  3266 | D:3      | Reached XP level 5. HP: 24/24 MP: 4/10
  3363 | D:3      | Reached skill level 4 in Short Blades
  3376 | D:3      | Identified a +0 leather armour
  3484 | D:3      | Identified a +0 club
  3485 | D:3      | Identified a +0 dagger
  3643 | D:3      | Identified a +0 short sword
  3657 | D:3      | Identified a +3 scythe of venom
  3657 | D:3      | Identified a +0 robe
  3657 | D:3      | Noticed Sigmund
  3674 | D:3      | Killed Sigmund
  3674 | D:3      | Reached skill level 5 in Short Blades
  3674 | D:3      | Reached skill level 8 in Stealth
  3674 | D:3      | Reached XP level 6. HP: 28/28 MP: 8/11
  3908 | D:3      | Identified a +0 dagger
  3908 | D:3      | Identified a +0 hunting sling
  3929 | D:3      | Identified a +0 whip
  3959 | D:3      | Learned a level 3 spell: Dazzling Spray
  4021 | D:3      | Found a roughly hewn altar of Beogh.
  4021 | D:3      | Identified a +0 club
  4021 | D:3      | Identified a +0 scale mail
  4021 | D:3      | Identified a +0 whip
  4021 | D:3      | Identified a +0 chain mail
  4021 | D:3      | Identified a +0 club
  4027 | D:3      | Reached skill level 3 in Spellcasting
  4099 | D:3      | Reached skill level 4 in Hexes
  4305 | D:3      | Identified a +0 dagger
  4305 | D:3      | Identified a +0 robe
  4309 | D:3      | Identified a +0 vampiric hand axe
  4312 | D:3      | Identified a +0 hand axe
  4324 | D:3      | Identified a +0 flail
  4324 | D:3      | Identified a +0 leather armour
  4461 | D:3      | Identified a +0 shortbow
  4467 | D:3      | HP: 3/28 [centaur/arrow (14)]
  4473 | D:3      | Reached skill level 4 in Spellcasting
  4473 | D:3      | Reached XP level 7. HP: 3/32 MP: 3/14
  4869 | D:3      | Identified a +0 robe
  4869 | D:3      | Identified a +0 large shield
  5016 | D:3      | Reached skill level 5 in Hexes
  5239 | D:4      | Found a staircase to the Ecumenical Temple.
  5264 | Temple   | Entered the Ecumenical Temple
  5449 | Temple   | Became a worshipper of Gozag Ym Sagoz the Greedy
  5650 | D:4      | Identified a +0 whip
  5650 | D:4      | Identified a +0 dagger
  5650 | D:4      | Identified a +0 robe
  5650 | D:4      | Identified a +0 leather armour
  5851 | D:4      | Reached skill level 6 in Hexes
  6115 | D:4      | Identified 4 scrolls of identify
  6115 | D:4      | Identified 2 potions of agility
  6479 | D:4      | Found an ornate altar of the Wu Jian Council.
  6494 | D:5      | Entered Level 5 of the Dungeon
  6494 | D:5      | Identified a cursed -1 giant club
  6500 | D:5      | Reached skill level 5 in Spellcasting
  6509 | D:5      | Identified a +0 club
  6509 | D:5      | Identified a cursed -2 leather armour
  6509 | D:5      | Identified a +0 dagger
  6509 | D:5      | Identified a +0 robe
  6509 | D:5      | Identified a cursed -1 hand axe
  6509 | D:5      | Identified a +0 leather armour
  6758 | D:5      | Found a burning altar of Makhleb.
  7123 | D:5      | Reached skill level 7 in Hexes
  7317 | D:5      | Reached XP level 8. HP: 36/36 MP: 6/16
  7339 | D:5      | Got a warped ivory ring
  7344 | D:5      | Learned a level 3 spell: Tukima's Dance
  7350 | D:5      | Learned a level 5 spell: Metabolic Englaciation
  7471 | D:5      | Reached skill level 8 in Hexes
  7481 | D:5      | Found a transporter.
  7489 | D:5      | Found a transporter.
  7491 | D:5      | Identified a +0 hand axe
  7491 | D:5      | Identified a +0 plate armour
  7492 | D:5      | Found a stormy altar of Qazlal.
  7495 | D:5      | Noticed a hornet
  7540 | D:5      | Found a hide-covered altar of Uskayaw.
  7702 | D:5      | Identified the ring "Neesch" {+Fly Dex+2 Stlth+} (You found
                  | it on level 5 of the Dungeon)
  7706 | D:5      | Identified a potion of cancellation
  7713 | D:5      | Reached skill level 1 in Fighting
  7713 | D:5      | Reached skill level 1 in Ice Magic
  7740 | D:5      | Killed a hornet
  7740 | D:5      | Reached skill level 4 in Dodging
  7741 | D:5      | Identified 5 potions of curing
  7747 | D:5      | Reached skill level 2 in Fighting
  7747 | D:5      | Reached skill level 5 in Dodging
  7747 | D:5      | Reached skill level 2 in Ice Magic
  7964 | D:6      | Identified a +3 spear of freezing
  7964 | D:6      | Identified a +0 robe
  7967 | D:6      | Identified a cursed +0 short sword
  7967 | D:6      | Identified a +0 robe
  7968 | D:6      | Identified a cursed +1 halberd of protection
  7968 | D:6      | Identified a +0 robe
  8089 | D:6      | Identified a +0 whip
  8091 | D:6      | Identified a +0 dagger
  8091 | D:6      | Identified a +0 robe
  8093 | D:6      | Identified a +0 hand axe
  8093 | D:6      | Identified a +0 chain mail
  8100 | D:6      | Identified a +0 hand axe of distortion
  8208 | D:6      | Identified a +0 falchion
  8208 | D:6      | Identified a +0 leather armour
  8215 | D:6      | Reached skill level 6 in Dodging
  8282 | D:6      | Reached skill level 3 in Ice Magic
  8286 | D:6      | Found a sparkling altar of Nemelex Xobeh.
  8299 | D:6      | Reached skill level 3 in Fighting
  8390 | D:6      | Identified a +0 flail
  8390 | D:6      | Identified a +0 leather armour
  8413 | D:6      | Reached XP level 9. HP: 31/44 MP: 10/17
  8550 | D:6      | Identified a +0 scale mail
  8550 | D:6      | Identified an uncursed ring of fire
  8553 | D:6      | Noticed an unseen horror
  8555 | D:6      | Reached skill level 7 in Dodging
  8564 | D:6      | Killed an unseen horror
  8564 | D:6      | Reached skill level 9 in Dodging
  9118 | D:6      | Identified 4 scrolls of remove curse
  9163 | D:7      | Identified a +0 dagger
  9163 | D:7      | Identified a +0 robe
  9172 | D:7      | Identified a +0 dagger
  9172 | D:7      | Identified a +0 robe
  9175 | D:7      | Identified a +0 flail
  9182 | D:7      | Identified a +0 mace
  9182 | D:7      | Identified a +0 chain mail
  9223 | D:7      | Reached skill level 9 in Stealth
  9263 | D:7      | HP: 8/44 [ice beast (10)]
  9273 | D:7      | Identified a +0 leather armour
  9276 | D:7      | Identified a +0 whip
  9277 | D:7      | Identified a +0 flail
  9277 | D:7      | Identified a +0 hand axe
  9565 | D:7      | Identified a +0 dagger
  9565 | D:7      | Identified a +0 robe
  9565 | D:7      | Identified a +1 hand axe of distortion
  9565 | D:7      | Identified a cursed -3 hand axe
  9565 | D:7      | Identified a +0 flail
  9565 | D:7      | Identified a +0 hunting sling
  9565 | D:7      | Identified a +0 ring mail
  9592 | D:7      | Identified a +0 mace
  9646 | D:7      | Identified a +0 giant club
  9701 | D:7      | Identified a +0 short sword
  9714 | D:7      | Identified a +0 dagger
  9749 | D:7      | Reached skill level 6 in Short Blades
  9805 | D:7      | Found Myreniomuf's Assorted Antiques.
  9830 | D:7      | Bought a bubbling coppery potion for 20 gold pieces
  9831 | D:7      | Identified 3 scrolls of random uselessness
  9875 | D:7      | Identified a +0 club
  9926 | D:7      | Identified a +0 short sword
  9992 | D:7      | HP: 9/44 [crimson imp (3)]
  9999 | D:7      | Reached skill level 10 in Stealth
 10064 | D:7      | HP: 10/44 [crimson imp (3)]
 10081 | D:7      | HP: 11/44 [crimson imp (1)]
 10579 | D:7      | Found a hazy altar of Hepliaklqana.
 10579 | D:7      | Found a glowing silver altar of Zin.
 10580 | D:7      | Found a basalt altar of Yredelemnul.
 10603 | D:7      | Identified a +0 dagger
 10603 | D:7      | Identified a +0 robe
 10603 | D:7      | Identified a +0 dagger
 10603 | D:7      | Identified a +0 robe
 10608 | D:7      | Identified a cursed +0 dagger
 10608 | D:7      | Identified a +0 scale mail
 10973 | D:7      | Reached skill level 7 in Short Blades
 11080 | D:7      | Bought a glowing short sword for 138 gold pieces
 11080 | D:7      | Identified a +0 short sword of distortion (You bought it in
                  | a shop on level 7 of the Dungeon)
 11128 | D:8      | Identified a cursed +0 rapier
 11306 | D:8      | Identified 3 scrolls of teleportation
 11311 | D:8      | Identified a +0 dagger of chaos
 11311 | D:8      | Identified a +0 robe
 11311 | D:8      | Noticed Psyche
 11312 | D:8      | Reached skill level 11 in Stealth
 11341 | D:8      | Reached XP level 10. HP: 45/49 MP: 18/18
 11382 | D:8      | Identified a +0 giant spiked club
 11443 | D:8      | Identified a +0 scale mail
 11445 | D:8      | Identified a +0 club
 11446 | D:8      | Identified a +0 club
 11446 | D:8      | Identified a +0 chain mail
 11458 | D:8      | Identified a +0 dagger
 11607 | D:8      | Reached skill level 8 in Short Blades
 11615 | D:8      | Identified a +0 dagger
 11615 | D:8      | Identified a +0 robe
 11635 | D:8      | Reached skill level 12 in Stealth
 11677 | D:8      | HP: 10/49 [Psyche/+0 dagger of chaos (7)]
 11679 | D:8      | Killed Psyche
 12184 | D:9      | Reached skill level 10 in Dodging
 12196 | D:9      | Identified a +0 shortbow
 12268 | D:9      | Found a bloodstained altar of Trog.
 12308 | D:9      | Identified a +0 war axe
 12308 | D:9      | Identified a +0 leather armour
 12309 | D:9      | Identified a +0 club
 12327 | D:9      | Identified a +0 club
 12461 | D:9      | Reached skill level 6 in Spellcasting
 12992 | D:10     | Entered Level 10 of the Dungeon
 12992 | D:10     | Identified a +0 halberd
 12992 | D:10     | Identified a +0 scale mail
 12992 | D:10     | Noticed Harold
 13003 | D:10     | Killed Harold
 13054 | D:10     | Noticed Snorg
 13156 | D:10     | Identified a +0 giant club
 13156 | D:10     | Identified a +0 giant club
 13156 | D:10     | Noticed a two-headed ogre
 13162 | D:10     | Identified a +0 quarterstaff of freezing
 13162 | D:10     | Identified a +2 robe of cold resistance
 13162 | D:10     | Identified an uncursed ring of ice
 13162 | D:10     | Noticed Fannar
 13163 | D:10     | Killed a two-headed ogre
 13163 | D:10     | Reached skill level 7 in Spellcasting
 13167 | D:10     | Identified a +0 giant spiked club
 13167 | D:10     | Identified a +0 giant spiked club
 13167 | D:10     | Noticed a two-headed ogre
 13170 | D:10     | Killed Fannar
 13170 | D:10     | Reached skill level 4 in Fighting
 13170 | D:10     | Reached skill level 4 in Ice Magic
 13170 | D:10     | Reached XP level 11. HP: 53/53 MP: 21/23
 13175 | D:10     | Banished a two-headed ogre
 13376 | D:10     | Identified an amulet of inaccuracy (You found it on level 9
                  | of the Dungeon)
 13379 | D:10     | Identified a ring of see invisible (You found it on level 7
                  | of the Dungeon)
 13381 | D:10     | Identified a ring of intelligence (You found it on level 10
                  | of the Dungeon)
 13397 | D:10     | Identified a +0 shortbow
 13423 | D:10     | Reached skill level 13 in Stealth
 13423 | D:10     | Reached skill level 9 in Hexes
 13570 | D:10     | Identified a +0 shortbow
 13600 | D:10     | Reached skill level 8 in Spellcasting
 13737 | D:10     | Reached skill level 9 in Short Blades
 13739 | D:10     | Reached skill level 11 in Dodging
 14045 | D:10     | Identified a +0 buckler (You found it on level 10 of the
                  | Dungeon)
 14105 | D:11     | Noticed an unseen horror
 14113 | D:11     | Noticed a purple ugly thing
 14261 | D:11     | Banished an unseen horror
 14287 | D:11     | Identified a +0 shortbow
 14296 | D:11     | Killed a purple ugly thing
 14424 | D:11     | Identified a +0 giant club
 14666 | D:11     | Noticed an oklob plant
 14667 | D:11     | Found a staircase to the Lair.
 14674 | D:11     | Noticed a shambling mangrove
 14674 | D:11     | an oklob plant changed into a shambling mangrove
 14678 | D:11     | HP: 3/54 [shambling mangrove (14)]
 14680 | D:11     | Demolished by a shambling mangrove

Table legend:
 A = Turns spent in this place as a percentage of turns spent in the entire game.
 B = Non-inter-level travel turns spent in this place as a percentage of non-inter-level travel turns spent in the entire game.
 C = Inter-level travel turns spent in this place as a percentage of turns spent in this place.
 D = Turns resting spent in this place as a percentage of non-inter-level travel turns spent in this place.
 E = Turns spent auto-exploring this place as a percentage of non-inter-level travel turns spent in this place.
 F = Non-inter-level travel turns spent in this place divided by the number of levels of this place that you've seen.
                   A       B       C       D       E      F
               +-------+-------+-------+-------+-------+----------------------
         Total | 100.0 | 100.0 |   4.8 |  31.8 |  39.0 | 1164.2
       Dungeon |  98.6 |  98.8 |   4.7 |  32.2 |  38.2 | 1254.5
        Temple |   1.4 |   1.2 |  15.8 |   0.0 |  97.7 | 171.0
               +-------+-------+-------+-------+-------+----------------------

Table legend:
 A = Kills in this place as a percentage of kills in entire the game.
 B = Kills by you in this place as a percentage of kills by you in the entire game.
 C = Kills by friends in this place as a percentage of kills by friends in the entire game.
 D = Other kills in this place as a percentage of other kills in the entire game.
 E = Experience gained in this place as a percentage of experience gained in the entire game.
 F = Experience gained in this place divided by the number of levels of this place that you have seen.
                   A       B       C       D       E      F
               +-------+-------+-------+-------+-------+----------------------
         Total | 100.0 | 100.0 |   N/A | 100.0 | 100.0 | 1424.8
       Dungeon | 100.0 | 100.0 |   N/A | 100.0 | 100.0 | 1554.4
               +-------+-------+-------+-------+-------+----------------------

Skill      XL: |  1  2  3  4  5  6  7  8  9 10 11 |
---------------+----------------------------------+-----
Stealth        | 5 6 7 8 11 12 13 | 13.4
Short Blades   | 2 3 5 7 8 9 |  9.3
Spellcasting   | 4 5 7 8 |  8.0
Hexes          | 4 7 8 9 |  9.4
Fighting       | 3 4 |  4.6
Ice Magic      | 3 4 |  4.6
Dodging        | 6 9 10 11 | 11.2
Shields        | |  0.6

Action                   |  1- 3 |  4- 6 |  7- 9 | 10-12 || total
-------------------------+-------+-------+-------+-------++-------
Melee: Dagger            |   164 |   277 |   801 |       ||  1242
       Short sword       |       |       |    24 |   339 ||   363
 Cast: Corona            |     2 |       |       |       ||     2
       Ensorcelled Hiber |     1 |     7 |    23 |     2 ||    33
       Confuse           |       |    14 |    28 |    12 ||    54
       Dazzling Spray    |       |       |    14 |    11 ||    25
       Metabolic Englaci |       |       |       |     1 ||     1
Evoke: Wand              |       |       |       |     1 ||     1
  Use: Scroll            |       |       |    10 |     1 ||    11
       Potion            |       |       |     1 |     1 ||     2
 Stab: Sleeping          |     9 |    10 |    36 |    23 ||    78
       Distracted        |     1 |       |     6 |     3 ||    10
       Confused          |       |     7 |    13 |     7 ||    27
       Invisible         |       |       |     5 |     5 ||    10
  Eat: Ration            |       |     2 |     6 |     2 ||    10
Armor: Robe              |    19 |    14 |    16 |     7 ||    56
Dodge: Dodged            |   150 |   188 |   402 |   205 ||   945
Block: Buckler           |       |       |       |    11 ||    11

Vanquished Creatures
  Fannar (D:10)
  Harold (D:10)
  A two-headed ogre (D:10)
  An unseen horror (D:6)
  An ugly thing (D:11)
  Psyche (D:8)
  A centaur skeleton (D:10)
  A hornet (D:5)
  Sigmund (D:3)
  A vampire (D:9)
  6 yaks (D:10)
  A wraith (D:10)
  A hungry ghost (D:10)
  3 steam dragons
  A human (D:8)
  An acid dragon (D:6)
  A black bear (D:6)
  An orc warrior (D:5)
  7 ice beasts
  A phantom (D:7)
  3 necrophages
  4 ogres
  2 centaurs
  2 big kobolds (D:7)
  4 bullfrogs
  A water moccasin zombie (D:8)
  2 scorpions
  10 killer bees
  3 wights (D:6)
  A howler monkey (D:4)
  3 crimson imps
  A quasit (D:6)
  4 centaur zombies
  10 orc priests
  3 hounds
  12 orc wizards
  2 iguanas
  15 worker ants
  5 hound zombies
  2 howler monkey zombies
  A howler monkey skeleton (D:6)
  13 adders
  5 oozes
  2 adder skeletons
  3 worms
  2 dart slugs
  6 leopard geckos
  41 orcs
  7 bats
  6 giant cockroaches
  9 goblins
  7 hobgoblins
  18 jackals
  13 kobolds
  4 quokkas
  2 ball pythons
  4 frilled lizards
  A leopard gecko skeleton (D:9)
  A quokka zombie (D:8)
  4 rats
271 creatures vanquished.

Vanquished Creatures (others)
  A two-headed ogre (D:10)
  An unseen horror (D:11)
  A hippogriff (D:10)
  A yak (D:10)
  3 centaurs
  A bullfrog (D:8)
  A hound (D:8)
  A bullfrog skeleton (D:9)
  An adder (D:9)
  A shadow imp (D:8)
  An orc (D:8)
13 creatures vanquished.

Grand Total: 284 creatures vanquished
